 Dungeon Crawl Stone Soup version 0.21.1-1-g345015f (webtiles) character file.

88 theblackcape the Fighter (level 4, -4/45 HPs)
             Began as a Gnoll Wanderer on June 14, 2018.
             Killed from afar by a goblin (29 damage)
             ... with an exploding inner flame
             ... hexed by the player character
             ... on level 2 of the Dungeon.
             The game lasted 00:07:58 (2912 turns).

theblackcape the Fighter (Gnoll Wanderer)           Turns: 2912, Time: 00:07:58

Health: -4/45      AC:  3    Str: 14    XL:     4   Next: 54%
Magic:  5/5        EV: 11    Int: 12    God:
Gold:   85         SH:  0    Dex: 18    Spells: 5/5 levels left

rFire    . . .     SeeInvis +   a - +2 dagger
rCold    . . .     Gourm    .   (no shield)
rNeg     . . .     Faith    .   r - +0 leather armour
rPois    .         Spirit   .   (no helmet)
rElec    .         Reflect  .   (no cloak)
rCorr    .         Harm     .   (no gloves)
MR       .....                  (no boots)
Stlth    ++++......             (no amulet)
HPRegen  0.15/turn              g - ring of see invisible
MPRegen  0.09/turn              (no ring)

@: no status effects
A: distributed training, fangs 1, strong nose
a: no special abilities


You were on level 2 of the Dungeon.
You were not hungry.

You visited 1 branch of the dungeon, and saw 3 of its levels.

You collected 85 gold pieces.

Inventory:

Hand Weapons
 a - a +2 dagger (weapon)
 n - a +0 blowgun
Missiles
 p - 118 stones (quivered)
Armour
 d - a +0 robe
 r - a +0 leather armour (worn)
Jewellery
 g - a ring of see invisible (left hand)
Scrolls
 b - a scroll of blinking
 c - a scroll of teleportation
 j - a scroll of enchant armour {unknown}
 l - 2 scrolls of remove curse
 m - a scroll of amnesia
 o - a scroll of enchant weapon {unknown}
Potions
 e - 2 potions of curing {unknown}
 h - a potion of berserk rage {unknown}
 i - 2 potions of ambrosia {unknown}
 q - a potion of heal wounds {unknown}
 t - a potion of flight {unknown}


   Skills:
 + Level 8.5 Fighting
 + Level 2.7 Short Blades
 + Level 1.1 Long Blades
 + Level 1.1 Axes
 + Level 1.1 Maces & Flails
 + Level 1.1 Polearms
 + Level 2.7 Staves
 + Level 1.1 Slings
 + Level 1.1 Bows
 + Level 1.1 Crossbows
 + Level 1.1 Throwing
 + Level 1.1 Armour
 + Level 1.1 Dodging
 + Level 7.8 Stealth
 + Level 1.1 Shields
 + Level 1.1 Unarmed Combat
 + Level 1.1 Spellcasting
 + Level 0.9 Conjurations
 + Level 0.9 Hexes
 + Level 0.9 Charms
 + Level 0.9 Summonings
 + Level 0.9 Necromancy
 + Level 0.9 Translocations
 + Level 0.9 Transmutations
 + Level 0.9 Fire Magic
 + Level 0.9 Ice Magic
 + Level 0.9 Air Magic
 + Level 0.9 Earth Magic
 + Level 0.9 Poison Magic
 + Level 1.2 Invocations
 + Level 1.1 Evocations


You had 5 spell levels left.
You didn't know any spells.

Dungeon Overview and Level Annotations

Branches:
Dungeon (3/15)

Altars:

Annotations:
D:3 Terence; sking99's ghost, amateur TrMo


Innate Abilities, Weirdness & Mutations

Your experience applies equally to all skills.
You have very sharp teeth.
Your uncanny sense of smell can sniff out nearby items.


Message History

Terence is moderately wounded.
Terence hits you but does no damage.
You hit Terence.
Terence is moderately wounded.
You hit Terence.
Terence is moderately wounded.
Terence closely misses you. The goblin hits you with a club.
You hit Terence but do no damage. Your bite misses Terence.
Terence is moderately wounded.
Terence hits you with a short sword of flaming.
Terence burns you.
There is a stone staircase leading up here.
The goblin hits you but does no damage.
You climb upwards.
There is a stone staircase leading down here.
You hit the goblin.
The goblin explodes!
The fiery explosion engulfs you!
Ouch! That really hurt!
You die...

#..##.# #............#
##.##.# ############..
#..#.# ########### ##.#.#
#.......... #...#
#.......... ##..#
#.......... #§§# #..........
###############§§#
#..........
...............§@#
#..†.......
##################
#.......... #.........#
##..........
#.#######.#######........##+
#.#######.......'...........
#..........######....)...###
##########.######........#
#.# #...............#
#.###############........#


There were no monsters in sight!

Vanquished Creatures
  An orc wizard (D:3)
  An adder (D:2)
  An ooze (D:3)
  A worm (D:3)
  A dart slug (D:2)
  5 orcs
  5 bats
  A giant cockroach (D:1)
  5 goblins
  7 hobgoblins
  3 frilled lizards
  2 kobolds (D:2)
  5 rats
38 creatures vanquished.

Notes
Turn   | Place    | Note
-------+----------+-------------------------------------------
     0 | D:1      | theblackcape the Gnoll Wanderer began the quest for the Orb.
     0 | D:1      | theblackcape set off with: a +2 dagger, a scroll of blinking, 2 scrolls of teleportation, a +0 robe, a ration
     0 | D:1      | Reached XP level 1. HP: 26/26 MP: 1/1
   332 | D:1      | Reached XP level 2. HP: 33/33 MP: 2/2
  1176 | D:2      | Reached XP level 3. HP: 38/38 MP: 3/3
  1555 | D:2      | Reached skill level 1 in Invocations
  2061 | D:3      | Reached skill level 1 in Long Blades
  2061 | D:3      | Reached skill level 1 in Axes
  2061 | D:3      | Reached skill level 1 in Maces & Flails
  2061 | D:3      | Reached skill level 1 in Polearms
  2061 | D:3      | Reached skill level 1 in Slings
  2061 | D:3      | Reached skill level 1 in Bows
  2061 | D:3      | Reached skill level 1 in Crossbows
  2061 | D:3      | Reached skill level 1 in Throwing
  2061 | D:3      | Reached skill level 1 in Armour
  2061 | D:3      | Reached skill level 1 in Dodging
  2061 | D:3      | Reached skill level 1 in Shields
  2061 | D:3      | Reached skill level 1 in Unarmed Combat
  2061 | D:3      | Reached skill level 1 in Spellcasting
  2061 | D:3      | Reached skill level 1 in Evocations
  2061 | D:3      | Reached XP level 4. HP: 18/45 MP: 5/5
  2151 | D:3      | Noticed sking99's ghost (amateur TrMo)
  2274 | D:3      | Noticed Terence
  2912 | D:2      | Killed from afar by a goblin

Skill      XL: |  1  2  3 |
---------------+----------+-----
Invocations    | 1 |  1.2
Long Blades    | 1 |  1.1
Axes           | 1 |  1.1
Maces & Flails | 1 |  1.1
Polearms       | 1 |  1.1
Slings         | 1 |  1.1
Bows           | 1 |  1.1
Crossbows      | 1 |  1.1
Throwing       | 1 |  1.1
Armour         | 1 |  1.1
Dodging        | 1 |  1.1
Shields        | 1 |  1.1
Unarmed Combat | 1 |  1.1
Spellcasting   | 1 |  1.1
Evocations     | 1 |  1.1
Fighting       | |  8.5
Short Blades   | |  2.7
Staves         | |  2.7
Stealth        | |  7.8
Conjurations   | |  0.9
Hexes          | |  0.9
Charms         | |  0.9
Summonings     | |  0.9
Necromancy     | |  0.9
Translocations | |  0.9
Transmutations | |  0.9
Fire Magic     | |  0.9
Ice Magic      | |  0.9
Air Magic      | |  0.9
Earth Magic    | |  0.9
Poison Magic   | |  0.9

Action                   |  1- 3 |  4- 6 || total
-------------------------+-------+-------++-------
Melee: Dagger            |    97 |    25 ||   122
       Bite              |     8 |     3 ||    11
  Use: Scroll            |     2 |     3 ||     5
 Stab: Sleeping          |    12 |     2 ||    14
       Distracted        |       |     1 ||     1
  Eat: Chunk             |     3 |     1 ||     4
       Ration            |       |     1 ||     1
Armor: Robe              |    12 |       ||    12
       Leather armour    |     3 |     2 ||     5
Dodge: Dodged            |    47 |    14 ||    61
